Mulligans vs Monarchs
(R1)
Created - 17 février 2017 at 22:38
Goals
|
Mulligans |
0 |
1 |
4 |
5 |
Monarchs |
0 |
1 |
3 |
4 |
|
Shots
|
Mulligans |
11 |
6 |
15 |
32 |
Monarchs |
12 |
12 |
16 |
40 |
|
1st period
No Goal
Penalties :
Drayson Bowman (Rep) for Hooking (Minor) at 11:57, Darren Dietz (Rep) for Holding (Minor) at 19:19
2nd period
1. Monarchs , Johnny Gaudreau 22 (Alec Martinez, Zac Rinaldo) at 8:14
2. Mulligans , Matt Beleskey 14 (Joonas Donskoi, Maxime Macenauer) at 17:43
Penalties :
Nick Bonino (Rep) for Holding (Minor) at 1:28, Matt Tennyson (MAN) for Roughing (Minor) at 8:36
3rd period
3. Mulligans , Maxime Macenauer 9 (Matt Donovan, Joonas Donskoi) at 1:05
4. Mulligans , Michael Del Zotto 11 (Nick Bonino, Chris Neil) at 2:07 (PP)
5. Monarchs , Shawn Matthias 21 (Justin Williams, Matt Tennyson) at 2:50
6. Monarchs , Johnny Gaudreau 23 (Tyler Toffoli) at 2:54
7. Monarchs , Zac Rinaldo 4 (Tom Gilbert, Shawn Matthias) at 5:46
8. Mulligans , Tim Schaller 10 (Michael Del Zotto, Nick Bonino) at 15:11
9. Mulligans , Michael Del Zotto 12 (Matt Taormina) at 17:19 (PP)
Penalties :
Kyle Clifford (MAN) for Roughing (Minor) at 1:21, Matt Tennyson (MAN) for High sticking (Minor) at 3:05, Chris Neil (Rep) for Holding (Minor) at 10:23, Matt Beleskey (Rep) for Hooking (Minor) at 10:59, Kyle Clifford (MAN) for Hooking (Minor) at 17:11
Goalie Stats
Anders Lindback (Rep), 36 saves from 40 shots - (0,900), W, 15-9-2, 60:00 minutes
Jhonas Enroth (MAN), 27 saves from 32 shots - (0,844), L, 22-10-7, 58:52 minutes
Players Stats for Mulligans
Player Name G A P +/- PIM S H SB GA TA FO MP PP MP PK MP
------------------------------------------------------------------------------------
Anton Lander 0 0 0 -1 0 0 1 2 0 0 8/16 17:28 1:55 2:08
Chris Neil 0 1 1 -2 2 1 2 1 1 0 0/0 17:20 2:52 0:59
Cody Goloubef 0 0 0 2 0 1 1 2 0 1 0/0 12:06 0:00 3:45
Darren Dietz 0 0 0 2 2 1 0 1 0 0 0/0 7:15 0:00 0:00
Drayson Bowman 0 0 0 -2 2 2 2 0 0 0 1/3 16:21 2:52 0:00
Eric Tangradi 0 0 0 -1 0 0 2 1 1 0 0/1 15:07 1:55 0:00
Gord Baldwin 0 0 0 -1 0 2 0 0 0 0 0/0 14:59 0:00 4:47
Jonathan Tremblay 0 0 0 -1 0 1 2 1 0 1 0/0 16:54 1:55 1:34
Joonas Donskoi 0 2 2 1 0 0 0 0 0 0 0/0 11:03 0:05 0:00
Logan Shaw 0 0 0 1 0 1 2 0 0 0 0/2 8:51 0:05 0:00
Matt Beleskey 1 0 1 1 2 3 1 2 2 1 0/0 15:18 0:05 4:11
Matt Donovan 0 1 1 -1 0 0 0 1 0 1 0/0 15:52 0:00 4:47
Matt Niskanen 0 0 0 0 0 1 0 2 0 0 0/0 15:24 1:19 0:00
Matt Taormina 0 1 1 -2 0 4 0 1 1 0 0/0 21:29 3:33 3:45
Maxime Macenauer 1 1 2 1 0 3 1 1 0 0 10/20 16:29 0:00 5:34
Michael Del Zotto 2 1 3 -2 0 4 1 2 0 3 0/0 17:31 3:33 0:00
Nick Bonino 0 2 2 -2 2 3 0 2 1 0 6/23 16:34 2:52 0:00
Sven Baertschi 0 0 0 1 0 1 0 0 0 1 0/0 9:56 0:00 1:14
Thomas Hickey 0 0 0 0 0 1 1 0 0 1 0/0 15:24 1:19 0:00
Tim Schaller 1 0 1 1 0 3 1 0 0 0 1/3 8:39 0:00 0:00
Players Stats for Monarchs
Player Name G A P +/- PIM S H SB GA TA FO MP PP MP PK MP
------------------------------------------------------------------------------------
Alec Martinez 0 1 1 1 0 1 2 0 2 2 0/0 29:02 5:43 3:04
Alexandre Grenier 0 0 0 0 0 0 0 0 0 0 0/0 10:56 0:11 2:59
Anthony Peluso 0 0 0 0 0 0 0 0 0 0 0/0 0:00 0:00 0:00
Johnny Gaudreau 2 0 2 1 0 4 2 2 0 0 0/0 17:35 5:01 0:38
Justin Faulk 0 0 0 1 0 1 0 0 0 0 0/0 22:44 2:49 0:57
Justin Williams 0 1 1 0 0 3 3 0 1 1 0/0 18:49 2:49 0:00
Kyle Clifford 0 0 0 0 4 3 2 1 1 0 0/0 19:46 3:11 0:54
Mark Stone 0 0 0 -1 0 0 1 2 0 0 2/2 15:31 5:07 0:00
Matt Irwin 0 0 0 -1 0 4 2 1 1 0 0/0 22:45 5:43 0:51
Matt Tennyson 0 1 1 0 4 1 3 0 0 1 0/0 23:53 0:00 0:00
Mika Zibanejad 0 0 0 1 0 0 1 2 0 0 1/1 15:07 3:11 0:00
Riley Cote 0 0 0 -1 0 3 2 1 2 0 6/7 13:51 0:10 3:09
Ryan White 0 0 0 0 0 2 0 0 0 0 1/5 7:36 0:00 0:00
Shawn Matthias 1 1 2 1 0 8 3 0 1 1 15/31 22:42 5:10 1:02
Theo Peckham 0 0 0 0 0 0 0 0 0 1 0/0 3:59 0:00 3:04
Tom Gilbert 0 1 1 2 0 7 0 0 0 0 0/0 15:16 0:00 1:48
Tyler McNeely 0 0 0 0 0 0 1 0 0 0 1/1 7:36 0:00 0:00
Tyler Toffoli 0 1 1 1 0 1 1 0 0 0 10/13 15:07 3:11 0:00
Zac Rinaldo 1 1 2 0 0 2 2 0 1 0 6/8 12:49 0:24 1:02
3 Stars
1 - Johnny Gaudreau (MAN)
2 - Michael Del Zotto (Rep)
3 - Shawn Matthias (MAN)
Power Play
Mulligans - 2 on 4 Attempt(s) - 50,00%
Monarchs - 0 on 5 Attempt(s) - 0,00%
Penalty Kill
Mulligans - 5 on 5 Attempt(s) - 100,00%
- Score 0 goal in Penalty Kill
Monarchs - 2 on 4 Attempt(s) - 50,00%
- Score 0 goal in Penalty Kill
Team Stat
Mulligans - Hits : 17 - Faceoff Wins : 26 - Blocked Shots : 19 - Penalty Minutes : 10
Monarchs - Hits : 25 - Faceoff Wins : 42 - Blocked Shots : 9 - Penalty Minutes : 8
Official
Referees : McCauley Wes and Rehman Kyle
Linesman : Steve Barton and Dan Schachte
Game Notes
12:12 of 1st period - Monarchs goal is going for a video replay. After video review, No Goal. The puck has been kicked using a distinct kicking motion.
Finance
Level 1 -- Attendance: 1380 (69,00%) -- Ticket Income 55 200 $
Level 2 -- Attendance: 729 (72,90%) -- Ticket Income 14 580 $
Total Attendance: 2109 (70,30%)
Total Ticket Income: 69 780 $
Other Income: 3 489 $
Total Income: 73 269 $
Mulligans
5 vs 5 Forward
Center Left Wing Right Wing Time % Phy DF OF
1 Nick Bonino Drayson Bowman Chris Neil 32 0 2 3
2 Anton Lander Eric Tangradi Jonathan Tremblay 28 1 2 2
3 Maxime Macenauer Matt Beleskey Joonas Donskoi 24 1 2 2
4 Tim Schaller Sven Baertschi Logan Shaw 16 1 2 2
5 vs 5 Defense
Defense Defense Time % Phy DF OF
1 Michael Del Zotto Matt Taormina 30 1 3 1
2 Thomas Hickey Matt Niskanen 30 1 3 1
3 Gord Baldwin Matt Donovan 22 1 3 1
4 Darren Dietz Cody Goloubef 18 1 3 1
PowerPlay Forward
Center Left Wing Right Wing Time % Phy DF OF
1 Nick Bonino Drayson Bowman Chris Neil 60 1 0 4
2 Anton Lander Eric Tangradi Jonathan Tremblay 40 1 0 4
PowerPlay Defense
Defense Defense Time % Phy DF OF
1 Michael Del Zotto Matt Taormina 55 1 1 3
2 Thomas Hickey Matt Niskanen 45 0 2 3
Penalty Kill 4 Players Forward
Center Wing Time % Phy DF OF
1 Maxime Macenauer Matt Beleskey 60 1 3 1
2 Anton Lander Jonathan Tremblay 40 1 3 1
Penalty Kill 4 Players Defense
Defense Defense Time % Phy DF OF
1 Matt Donovan Gord Baldwin 60 1 4 0
2 Cody Goloubef Matt Taormina 40 1 4 0
Penalty Kill - 3 Players Forward
Forward Time % Phy DF OF
1 Maxime Macenauer 60 1 4 0
2 Anton Lander 40 1 4 0
Penalty Kill - 3 Players Defense
Defense Defense Time % Phy DF OF
1 Matt Donovan Gord Baldwin 60 1 2 2
2 Matt Taormina Cody Goloubef 40 1 2 2
4 vs 4 Forward
Center Wing Time % Phy DF OF
1 Nick Bonino Drayson Bowman 60 0 2 3
2 Anton Lander Eric Tangradi 40 1 2 2
4 vs 4 Defense
Defense Defense Time % Phy DF OF
1 Michael Del Zotto Matt Taormina 60 0 3 2
2 Thomas Hickey Matt Niskanen 40 0 3 2
Last Minutes Offensive
Center Left Wing Right Wing Defense Defense
Nick Bonino Drayson Bowman Chris Neil Michael Del Zotto Matt Donovan
Last Minutes Defensive
Center Left Wing Right Wing Defense Defense
Anton Lander Eric Tangradi Jonathan Tremblay Cody Goloubef Matt Donovan
Goaltenders
Starting : Anders Lindback
Backup : Calvin Pickard
Extra Forwards
Normal : Logan Shaw, Sven Baertschi, Joonas Donskoi - PP : Matt Beleskey, Logan Shaw - PK : Chris Neil
Extra Defensemen
Normal : Cody Goloubef, Matt Donovan, Michael Del Zotto - PP : Matt Donovan - PK : Matt Niskanen, Thomas Hickey
Penalty Shots
Chris Neil, Maxime Macenauer, Nick Bonino, Matt Beleskey, Thomas Hickey
Monarchs
5 vs 5 Forward
Center Left Wing Right Wing Time % Phy DF OF
1 Shawn Matthias Kyle Clifford Justin Williams 35 0 2 2
2 Tyler Toffoli Johnny Gaudreau Mika Zibanejad 30 1 2 2
3 Zac Rinaldo Riley Cote Mark Stone 25 1 2 2
4 Ryan White Tyler McNeely Alexandre Grenier 10 1 2 2
5 vs 5 Defense
Defense Defense Time % Phy DF OF
1 Alec Martinez Justin Faulk 35 0 3 2
2 Matt Irwin Matt Tennyson 35 0 3 2
3 Matt Tennyson Tom Gilbert 25 1 3 1
4 Tom Gilbert Alec Martinez 5 1 3 1
PowerPlay Forward
Center Left Wing Right Wing Time % Phy DF OF
1 Shawn Matthias Johnny Gaudreau Mark Stone 60 0 1 4
2 Tyler Toffoli Kyle Clifford Mika Zibanejad 40 0 1 4
PowerPlay Defense
Defense Defense Time % Phy DF OF
1 Matt Irwin Alec Martinez 60 0 2 3
2 Justin Faulk Justin Williams 40 0 2 3
Penalty Kill 4 Players Forward
Center Wing Time % Phy DF OF
1 Riley Cote Alexandre Grenier 60 1 2 2
2 Shawn Matthias Zac Rinaldo 40 1 2 2
Penalty Kill 4 Players Defense
Defense Defense Time % Phy DF OF
1 Alec Martinez Theo Peckham 60 1 2 2
2 Tom Gilbert Matt Tennyson 40 1 2 2
Penalty Kill - 3 Players Forward
Forward Time % Phy DF OF
1 Riley Cote 60 1 2 2
2 Shawn Matthias 40 1 2 2
Penalty Kill - 3 Players Defense
Defense Defense Time % Phy DF OF
1 Theo Peckham Tom Gilbert 60 1 2 2
2 Matt Tennyson Alec Martinez 40 1 2 2
4 vs 4 Forward
Center Wing Time % Phy DF OF
1 Riley Cote Justin Williams 60 1 2 2
2 Shawn Matthias Johnny Gaudreau 40 1 2 2
4 vs 4 Defense
Defense Defense Time % Phy DF OF
1 Matt Irwin Alec Martinez 60 1 2 2
2 Tom Gilbert Matt Tennyson 40 1 2 2
Last Minutes Offensive
Center Left Wing Right Wing Defense Defense
Shawn Matthias Kyle Clifford Justin Williams Justin Faulk Matt Irwin
Last Minutes Defensive
Center Left Wing Right Wing Defense Defense
Shawn Matthias Riley Cote Alexandre Grenier Alec Martinez Theo Peckham
Goaltenders
Starting : Jhonas Enroth
Backup : Andrew Hammond
Extra Forwards
Normal : Johnny Gaudreau, Zac Rinaldo, Mika Zibanejad - PP : Shawn Matthias, Zac Rinaldo - PK : Kyle Clifford
Extra Defensemen
Normal : Matt Irwin, Justin Faulk, Alec Martinez - PP : Matt Tennyson - PK : Justin Faulk, Matt Irwin
Penalty Shots
Riley Cote, Justin Williams, Matt Irwin, Shawn Matthias, Kyle Clifford
% Time on Ice - Mulligans
Lines # - Real PCT - Wanted PCT - Time Play
Normal Forward
1 - 30% - 32% - 13:41
2 - 27% - 28% - 12:15
3 - 24% - 24% - 10:51
4 - 19% - 16% - 8:39
Normal Defense
1 - 32% - 30% - 14:20
2 - 31% - 30% - 14:18
3 - 22% - 22% - 9:50
4 - 15% - 18% - 6:58
PP Forward
1 - 61% - 60% - 2:57
2 - 39% - 40% - 1:55
PP Defense
1 - 73% - 55% - 3:33
2 - 27% - 45% - 1:19
PK Forward
1 - 78% - 60% - 5:35
2 - 22% - 40% - 1:34
PK Defense
1 - 55% - 60% - 3:57
2 - 45% - 40% - 3:12
PK3 Forward
1 - 94% - 60% - 1:18
2 - 6% - 40% - 0:05
PK3 Defense
1 - 60% - 60% - 0:50
2 - 40% - 40% - 0:33
44 Forward
1 - 0% - 60%
2 - 0% - 40%
44 Defense
1 - 0% - 60%
2 - 0% - 40%
Last Minute Offensive - 0:00
Last Minute Defensive - 1:10
Total
Forward - 60:00
Defense - 60:00
|
% Time on Ice - Monarchs
Lines # - Real PCT - Wanted PCT - Time Play
Normal Forward
1 - 33% - 35% - 15:12
2 - 28% - 30% - 12:45
3 - 22% - 25% - 10:10
4 - 17% - 10% - 7:36
Normal Defense
1 - 40% - 35% - 18:16
2 - 33% - 35% - 15:14
3 - 21% - 25% - 9:41
4 - 6% - 5% - 2:32
PP Forward
1 - 63% - 60% - 5:21
2 - 37% - 40% - 3:11
PP Defense
1 - 67% - 60% - 5:43
2 - 33% - 40% - 2:49
PK Forward
1 - 79% - 60% - 3:50
2 - 21% - 40% - 1:02
PK Defense
1 - 63% - 60% - 3:04
2 - 37% - 40% - 1:48
PK3 Forward
1 - 0% - 60%
2 - 0% - 40%
PK3 Defense
1 - 0% - 60%
2 - 0% - 40%
44 Forward
1 - 0% - 60%
2 - 0% - 40%
44 Defense
1 - 0% - 60%
2 - 0% - 40%
Last Minute Offensive - 0:53
Last Minute Defensive - 0:00
Total
Forward - 60:00
Defense - 60:00
|
Play by Play
1st period
0:01 of 1st period - Shawn Matthias wins face-off versus Nick Bonino in neutral zone.
0:16 of 1st period - Snap shot by Justin Williams.
0:16 of 1st period - Stopped by Anders Lindback with a rebound.
0:31 of 1st period - Slapshot by Tyler Toffoli.
0:31 of 1st period - Stopped by Anders Lindback with a rebound.
0:35 of 1st period - Slapshot by Matt Irwin.
0:35 of 1st period - Stopped by Anders Lindback with a rebound.
1:47 of 1st period - Jonathan Tremblay is hit by Alec Martinez and loses puck.
2:41 of 1st period - Snap shot by Tim Schaller.
2:41 of 1st period - Stopped by Jhonas Enroth with a rebound.
2:53 of 1st period - Drayson Bowman is hit by Matt Tennyson and loses puck.
4:44 of 1st period - Icing by Drayson Bowman.
4:45 of 1st period - Shawn Matthias wins face-off versus Anton Lander in Mulligans zone.
4:52 of 1st period - Wrist shot by Shawn Matthias.
4:52 of 1st period - Shot Misses the Net.
4:54 of 1st period - Slapshot by Alec Martinez.
4:54 of 1st period - Deflect By Kyle Clifford.
4:54 of 1st period - Shot Misses the Net.
4:54 of 1st period - Puck is out of play.
4:55 of 1st period - Maxime Macenauer wins face-off versus Shawn Matthias in Mulligans zone.
7:07 of 1st period - Slapshot by Mark Stone.
7:07 of 1st period - Deflect By Riley Cote.
7:07 of 1st period - Shot Blocked by Michael Del Zotto.
7:07 of 1st period - Puck is out of play.
7:08 of 1st period - Anton Lander wins face-off versus Zac Rinaldo in Mulligans zone.
7:25 of 1st period - Off-side.
7:26 of 1st period - Nick Bonino wins face-off versus Shawn Matthias in neutral zone.
7:44 of 1st period - Chris Neil is hit by Justin Williams and loses puck.
8:04 of 1st period - Joonas Donskoi is hit by Matt Tennyson and loses puck.
8:28 of 1st period - Slapshot by Tom Gilbert.
8:28 of 1st period - Deflect By Eric Tangradi.
8:28 of 1st period - Stopped by Anders Lindback with a rebound.
8:30 of 1st period - Snap shot by Riley Cote.
8:30 of 1st period - Stopped by Anders Lindback with a rebound.
8:32 of 1st period - Snap shot by Tom Gilbert.
8:32 of 1st period - Shot Blocked by Matt Taormina.
8:34 of 1st period - Slapshot by Zac Rinaldo.
8:34 of 1st period - Shot Blocked by Michael Del Zotto.
9:12 of 1st period - Snap shot by Shawn Matthias.
9:12 of 1st period - Stopped by Anders Lindback with a rebound.
9:24 of 1st period - Matt Niskanen is hit by Zac Rinaldo.
9:25 of 1st period - Icing by Matt Niskanen.
9:26 of 1st period - Maxime Macenauer wins face-off versus Zac Rinaldo in Mulligans zone.
9:41 of 1st period - Wrist shot by Matt Beleskey.
9:41 of 1st period - Stopped by Jhonas Enroth without a rebound.
9:42 of 1st period - Shawn Matthias wins face-off versus Anton Lander in Monarchs zone.
9:42 of 1st period - Shawn Matthias is hit by Jonathan Tremblay.
9:54 of 1st period - Snap shot by Justin Williams.
9:54 of 1st period - Shot Misses the Net.
10:13 of 1st period - Johnny Gaudreau is hit by Drayson Bowman and loses puck.
10:44 of 1st period - Snap shot by Matt Taormina.
10:44 of 1st period - Stopped by Jhonas Enroth with a rebound.
11:00 of 1st period - Matt Tennyson is hit by Logan Shaw and loses puck.
11:07 of 1st period - Wrist shot by Tim Schaller.
11:07 of 1st period - Stopped by Jhonas Enroth without a rebound.
11:08 of 1st period - Shawn Matthias wins face-off versus Nick Bonino in Monarchs zone.
11:17 of 1st period - Snap shot by Drayson Bowman.
11:17 of 1st period - Shot Misses the Net.
11:19 of 1st period - Wrist shot by Nick Bonino.
11:19 of 1st period - Stopped by Jhonas Enroth with a rebound.
11:21 of 1st period - Slapshot by Gord Baldwin.
11:21 of 1st period - Stopped by Jhonas Enroth without a rebound.
11:22 of 1st period - Tyler Toffoli wins face-off versus Anton Lander in Monarchs zone.
11:37 of 1st period - Matt Tennyson is hit by Eric Tangradi.
11:57 of 1st period - Minor Penalty to Drayson Bowman for Hooking.
11:58 of 1st period - Maxime Macenauer wins face-off versus Shawn Matthias in Mulligans zone.
11:58 of 1st period - Maxime Macenauer is hit by Alec Martinez.
12:10 of 1st period - Snap shot by Shawn Matthias.
12:10 of 1st period - Shot Misses the Net.
12:12 of 1st period - Snap shot by Shawn Matthias.
12:12 of 1st period - Monarchs goal is going for a video replay.
12:12 of 1st period - The goal is refused. The puck has been kicked using a distinct kicking motion..
12:13 of 1st period - Maxime Macenauer wins face-off versus Shawn Matthias in Mulligans zone.
12:18 of 1st period - Gord Baldwin is hit by Matt Irwin and loses puck.
13:57 of 1st period - Penalty to Drayson Bowman is over, Drayson Bowman is back on ice.
14:06 of 1st period - Snap shot by Tom Gilbert.
14:06 of 1st period - Stopped by Anders Lindback without a rebound.
14:07 of 1st period - Ryan White wins face-off versus Anton Lander in Mulligans zone.
14:10 of 1st period - Wrist shot by Ryan White.
14:10 of 1st period - Stopped by Anders Lindback with a rebound.
14:32 of 1st period - Snap shot by Mark Stone.
14:32 of 1st period - Shot Misses the Net.
15:13 of 1st period - Mika Zibanejad is hit by Matt Beleskey and loses puck.
16:06 of 1st period - Snap shot by Justin Williams.
16:06 of 1st period - Shot Blocked by Matt Niskanen.
16:08 of 1st period - Wrist shot by Tom Gilbert.
16:08 of 1st period - Stopped by Anders Lindback without a rebound.
16:09 of 1st period - Shawn Matthias wins face-off versus Tim Schaller in Mulligans zone.
16:10 of 1st period - Snap shot by Kyle Clifford.
16:10 of 1st period - Deflect By Justin Williams.
16:10 of 1st period - Stopped by Anders Lindback with a rebound.
16:25 of 1st period - Matt Taormina is hit by Justin Williams and loses puck.
16:32 of 1st period - Gord Baldwin is hit by Shawn Matthias and loses puck.
16:48 of 1st period - Matt Donovan is hit by Kyle Clifford and loses puck.
16:55 of 1st period - Slapshot by Gord Baldwin.
16:55 of 1st period - Stopped by Jhonas Enroth with a rebound.
16:57 of 1st period - Wrist shot by Sven Baertschi.
16:57 of 1st period - Shot Misses the Net.
16:59 of 1st period - Slapshot by Darren Dietz.
16:59 of 1st period - Stopped by Jhonas Enroth without a rebound.
17:00 of 1st period - Drayson Bowman wins face-off versus Tyler Toffoli in Monarchs zone.
17:05 of 1st period - Wrist shot by Nick Bonino.
17:05 of 1st period - Shot Misses the Net.
17:07 of 1st period - Wrist shot by Drayson Bowman.
17:07 of 1st period - Shot Misses the Net.
17:09 of 1st period - Wrist shot by Drayson Bowman.
17:09 of 1st period - Stopped by Jhonas Enroth without a rebound.
17:10 of 1st period - Tyler Toffoli wins face-off versus Nick Bonino in Monarchs zone.
17:23 of 1st period - Slapshot by Alec Martinez.
17:23 of 1st period - Shot Blocked by Chris Neil.
17:40 of 1st period - Wrist shot by Drayson Bowman.
17:40 of 1st period - Shot Blocked by Johnny Gaudreau.
17:42 of 1st period - Snap shot by Nick Bonino.
17:42 of 1st period - Deflect By Chris Neil.
17:42 of 1st period - Shot Blocked by Mika Zibanejad.
17:42 of 1st period - Puck is out of play.
17:43 of 1st period - Maxime Macenauer wins face-off versus Shawn Matthias in Monarchs zone.
17:44 of 1st period - Snap shot by Matt Beleskey.
17:44 of 1st period - Shot Misses the Net.
17:46 of 1st period - Wrist shot by Maxime Macenauer.
17:46 of 1st period - Stopped by Jhonas Enroth with a rebound.
17:48 of 1st period - Wrist shot by Matt Beleskey.
17:48 of 1st period - Shot Misses the Net.
17:50 of 1st period - Snap shot by Matt Donovan.
17:50 of 1st period - Shot Blocked by Matt Irwin.
17:56 of 1st period - Slapshot by Maxime Macenauer.
17:56 of 1st period - Stopped by Jhonas Enroth without a rebound.
17:57 of 1st period - Zac Rinaldo wins face-off versus Anton Lander in Monarchs zone.
18:57 of 1st period - Alec Martinez is hit by Chris Neil and loses puck.
19:09 of 1st period - Off-side.
19:10 of 1st period - Tyler McNeely wins face-off versus Tim Schaller in neutral zone.
19:17 of 1st period - Slapshot by Matt Irwin.
19:17 of 1st period - Stopped by Anders Lindback with a rebound.
19:19 of 1st period - Minor Penalty to Darren Dietz for Holding.
19:20 of 1st period - Maxime Macenauer wins face-off versus Shawn Matthias in Mulligans zone.
19:29 of 1st period - Wrist shot by Matt Irwin.
19:29 of 1st period - Shot Misses the Net.
19:51 of 1st period - Slapshot by Maxime Macenauer.
19:51 of 1st period - Shot Blocked by Mika Zibanejad.
19:56 of 1st period - Off-side.
19:57 of 1st period - Tyler Toffoli wins face-off versus Anton Lander in neutral zone.
Goals for this period are 0 for Mulligans vs 0 for Monarchs .
Shots for this period are 11 for Mulligans vs 12 for Monarchs .
2nd period
0:01 of 2nd period - Shawn Matthias wins face-off versus Maxime Macenauer in neutral zone.
0:11 of 2nd period - Slapshot by Alec Martinez.
0:11 of 2nd period - Shot Misses the Net.
0:13 of 2nd period - Snap shot by Shawn Matthias.
0:13 of 2nd period - Stopped by Anders Lindback with a rebound.
0:15 of 2nd period - Snap shot by Shawn Matthias.
0:15 of 2nd period - Shot Misses the Net.
0:35 of 2nd period - Wrist shot by Kyle Clifford.
0:35 of 2nd period - Stopped by Anders Lindback without a rebound.
0:36 of 2nd period - Maxime Macenauer wins face-off versus Shawn Matthias in Mulligans zone.
0:51 of 2nd period - Slapshot by Johnny Gaudreau.
0:51 of 2nd period - Stopped by Anders Lindback without a rebound.
0:52 of 2nd period - Maxime Macenauer wins face-off versus Shawn Matthias in Mulligans zone.
1:19 of 2nd period - Penalty to Darren Dietz is over, Darren Dietz is back on ice.
1:25 of 2nd period - Icing by Alec Martinez.
1:26 of 2nd period - Nick Bonino wins face-off versus Ryan White in Monarchs zone.
1:28 of 2nd period - Minor Penalty to Nick Bonino for Holding.
1:29 of 2nd period - Maxime Macenauer wins face-off versus Shawn Matthias in Mulligans zone.
2:11 of 2nd period - Cody Goloubef is hit by Matt Irwin and loses puck.
3:22 of 2nd period - Cody Goloubef is hit by Zac Rinaldo and loses puck.
3:28 of 2nd period - Penalty to Nick Bonino is over, Nick Bonino is back on ice.
3:35 of 2nd period - Anton Lander is hit by Riley Cote and loses puck.
3:46 of 2nd period - Slapshot by Tom Gilbert.
3:46 of 2nd period - Shot Misses the Net.
3:48 of 2nd period - Wrist shot by Ryan White.
3:48 of 2nd period - Stopped by Anders Lindback without a rebound.
3:49 of 2nd period - Tim Schaller wins face-off versus Ryan White in Mulligans zone.
4:24 of 2nd period - Slapshot by Tom Gilbert.
4:24 of 2nd period - Stopped by Anders Lindback without a rebound.
4:25 of 2nd period - Tyler Toffoli wins face-off versus Nick Bonino in Mulligans zone.
4:26 of 2nd period - Wrist shot by Johnny Gaudreau.
4:26 of 2nd period - Shot Misses the Net.
4:50 of 2nd period - Gord Baldwin is hit by Kyle Clifford.
5:17 of 2nd period - Wrist shot by Riley Cote.
5:17 of 2nd period - Shot Blocked by Darren Dietz.
5:42 of 2nd period - Eric Tangradi is hit by Matt Tennyson and loses puck.
6:01 of 2nd period - Nick Bonino is hit by Mika Zibanejad and loses puck.
6:18 of 2nd period - Joonas Donskoi is hit by Shawn Matthias.
6:35 of 2nd period - Snap shot by Mark Stone.
6:35 of 2nd period - Shot Misses the Net.
6:43 of 2nd period - Snap shot by Tim Schaller.
6:43 of 2nd period - Shot Misses the Net.
7:35 of 2nd period - Matt Donovan is hit by Justin Williams and loses puck.
8:14 of 2nd period - Wrist shot by Johnny Gaudreau.
8:14 of 2nd period - Goal by Johnny Gaudreau - Mulligans : 0 - Monarchs : 1.
8:15 of 2nd period - Shawn Matthias wins face-off versus Nick Bonino in neutral zone.
8:36 of 2nd period - Minor Penalty to Matt Tennyson for Roughing.
8:37 of 2nd period - Riley Cote wins face-off versus Nick Bonino in Monarchs zone.
10:09 of 2nd period - Alec Martinez is hit by Drayson Bowman and loses puck.
10:34 of 2nd period - Zac Rinaldo is hit by Logan Shaw and loses puck.
10:36 of 2nd period - Penalty to Matt Tennyson is over, Matt Tennyson is back on ice.
10:42 of 2nd period - Off-side.
10:43 of 2nd period - Mika Zibanejad wins face-off versus Maxime Macenauer in neutral zone.
10:56 of 2nd period - Slapshot by Matt Irwin.
10:56 of 2nd period - Shot Blocked by Matt Beleskey.
11:24 of 2nd period - Slapshot by Matt Irwin.
11:24 of 2nd period - Stopped by Anders Lindback with a rebound.
11:26 of 2nd period - Slapshot by Riley Cote.
11:26 of 2nd period - Stopped by Anders Lindback with a rebound.
11:28 of 2nd period - Wrist shot by Mark Stone.
11:28 of 2nd period - Deflect By Riley Cote.
11:28 of 2nd period - Shot Blocked by Matt Donovan.
11:28 of 2nd period - Puck is out of play.
11:29 of 2nd period - Zac Rinaldo wins face-off versus Nick Bonino in Mulligans zone.
11:42 of 2nd period - Slapshot by Justin Faulk.
11:42 of 2nd period - Shot Misses the Net.
12:02 of 2nd period - Slapshot by Riley Cote.
12:02 of 2nd period - Shot Blocked by Anton Lander.
12:14 of 2nd period - Slapshot by Michael Del Zotto.
12:14 of 2nd period - Shot Blocked by Mark Stone.
12:26 of 2nd period - Slapshot by Matt Taormina.
12:26 of 2nd period - Stopped by Jhonas Enroth without a rebound.
12:27 of 2nd period - Shawn Matthias wins face-off versus Nick Bonino in Monarchs zone.
12:32 of 2nd period - Snap shot by Justin Williams.
12:32 of 2nd period - Shot Blocked by Nick Bonino.
13:25 of 2nd period - Slapshot by Matt Niskanen.
13:25 of 2nd period - Stopped by Jhonas Enroth with a rebound.
13:51 of 2nd period - Justin Faulk is hit by Cody Goloubef and loses puck.
14:05 of 2nd period - Off-side.
14:06 of 2nd period - Zac Rinaldo wins face-off versus Maxime Macenauer in neutral zone.
14:32 of 2nd period - Off-side.
14:33 of 2nd period - Shawn Matthias wins face-off versus Anton Lander in neutral zone.
14:36 of 2nd period - Slapshot by Justin Faulk.
14:36 of 2nd period - Stopped by Anders Lindback without a rebound.
14:37 of 2nd period - Nick Bonino wins face-off versus Shawn Matthias in Mulligans zone.
14:48 of 2nd period - Backhand shot by Nick Bonino.
14:48 of 2nd period - Stopped by Jhonas Enroth with a rebound.
14:50 of 2nd period - Wrist shot by Nick Bonino.
14:50 of 2nd period - Stopped by Jhonas Enroth with a rebound.
14:52 of 2nd period - Snap shot by Drayson Bowman.
14:52 of 2nd period - Stopped by Jhonas Enroth with a rebound.
15:28 of 2nd period - Snap shot by Zac Rinaldo.
15:28 of 2nd period - Stopped by Anders Lindback without a rebound.
15:29 of 2nd period - Mark Stone wins face-off versus Nick Bonino in Mulligans zone.
16:14 of 2nd period - Gord Baldwin is hit by Mark Stone and loses puck.
16:25 of 2nd period - Snap shot by Riley Cote.
16:25 of 2nd period - Stopped by Anders Lindback without a rebound.
16:26 of 2nd period - Anton Lander wins face-off versus Shawn Matthias in Mulligans zone.
17:31 of 2nd period - Slapshot by Alec Martinez.
17:31 of 2nd period - Deflect By Maxime Macenauer.
17:31 of 2nd period - Stopped by Anders Lindback without a rebound.
17:32 of 2nd period - Shawn Matthias wins face-off versus Maxime Macenauer in Mulligans zone.
17:38 of 2nd period - Maxime Macenauer is hit by Shawn Matthias and loses puck.
17:43 of 2nd period - Snap shot by Matt Beleskey.
17:43 of 2nd period - Goal by Matt Beleskey - Mulligans : 1 - Monarchs : 1.
17:44 of 2nd period - Tyler Toffoli wins face-off versus Nick Bonino in neutral zone.
18:09 of 2nd period - Justin Williams is hit by Anton Lander.
18:36 of 2nd period - Wrist shot by Maxime Macenauer.
18:36 of 2nd period - Shot Blocked by Mark Stone.
18:50 of 2nd period - Alec Martinez is hit by Tim Schaller and loses puck.
19:26 of 2nd period - Icing by Anton Lander.
19:27 of 2nd period - Shawn Matthias wins face-off versus Maxime Macenauer in Mulligans zone.
19:40 of 2nd period - Wrist shot by Kyle Clifford.
19:40 of 2nd period - Shot Misses the Net.
Goals for this period are 1 for Mulligans vs 1 for Monarchs .
Shots for this period are 6 for Mulligans vs 12 for Monarchs .
3rd period
0:01 of 3rd period - Nick Bonino wins face-off versus Tyler Toffoli in neutral zone.
0:14 of 3rd period - Snap shot by Chris Neil.
0:14 of 3rd period - Shot Misses the Net.
0:16 of 3rd period - Slapshot by Matt Niskanen.
0:16 of 3rd period - Deflect By Drayson Bowman.
0:16 of 3rd period - Shot Blocked by Johnny Gaudreau.
0:16 of 3rd period - Puck is out of play.
0:17 of 3rd period - Anton Lander wins face-off versus Shawn Matthias in Monarchs zone.
0:32 of 3rd period - Snap shot by Michael Del Zotto.
0:32 of 3rd period - Stopped by Jhonas Enroth with a rebound.
0:42 of 3rd period - Michael Del Zotto is hit by Johnny Gaudreau and loses puck.
1:05 of 3rd period - Wrist shot by Maxime Macenauer.
1:05 of 3rd period - Goal by Maxime Macenauer - Mulligans : 2 - Monarchs : 1.
1:06 of 3rd period - Anton Lander wins face-off versus Shawn Matthias in neutral zone.
1:21 of 3rd period - Minor Penalty to Kyle Clifford for Roughing.
1:22 of 3rd period - Riley Cote wins face-off versus Nick Bonino in Monarchs zone.
1:22 of 3rd period - Riley Cote is hit by Chris Neil.
1:27 of 3rd period - Snap shot by Alexandre Grenier.
1:27 of 3rd period - Shot Misses the Net.
1:42 of 3rd period - Icing by Matt Taormina.
1:43 of 3rd period - Riley Cote wins face-off versus Nick Bonino in Mulligans zone.
1:47 of 3rd period - Icing by Michael Del Zotto.
1:48 of 3rd period - Riley Cote wins face-off versus Nick Bonino in Mulligans zone.
1:49 of 3rd period - Slapshot by Alec Martinez.
1:49 of 3rd period - Shot Misses the Net.
2:07 of 3rd period - Snap shot by Michael Del Zotto.
2:07 of 3rd period - Goal by Michael Del Zotto - Mulligans : 3 - Monarchs : 1.
2:08 of 3rd period - Nick Bonino wins face-off versus Shawn Matthias in neutral zone.
2:19 of 3rd period - Icing by Shawn Matthias.
2:20 of 3rd period - Shawn Matthias wins face-off versus Eric Tangradi in Monarchs zone.
2:31 of 3rd period - Snap shot by Anton Lander.
2:31 of 3rd period - Shot Misses the Net.
2:33 of 3rd period - Slapshot by Gord Baldwin.
2:33 of 3rd period - Shot Misses the Net.
2:42 of 3rd period - Snap shot by Justin Williams.
2:42 of 3rd period - Shot Blocked by Nick Bonino.
2:44 of 3rd period - Slapshot by Tom Gilbert.
2:44 of 3rd period - Deflect By Gord Baldwin.
2:44 of 3rd period - Stopped by Anders Lindback with a rebound.
2:46 of 3rd period - Slapshot by Matt Tennyson.
2:46 of 3rd period - Deflect By Drayson Bowman.
2:46 of 3rd period - Stopped by Anders Lindback with a rebound.
2:50 of 3rd period - Snap shot by Shawn Matthias.
2:50 of 3rd period - Goal by Shawn Matthias - Mulligans : 3 - Monarchs : 2.
2:51 of 3rd period - Tyler Toffoli wins face-off versus Nick Bonino in neutral zone.
2:54 of 3rd period - Slapshot by Johnny Gaudreau.
2:54 of 3rd period - Goal by Johnny Gaudreau - Mulligans : 3 - Monarchs : 3.
2:55 of 3rd period - Tyler Toffoli wins face-off versus Drayson Bowman in neutral zone.
3:05 of 3rd period - Minor Penalty to Matt Tennyson for High sticking.
3:06 of 3rd period - Riley Cote wins face-off versus Drayson Bowman in Monarchs zone.
3:20 of 3rd period - Snap shot by Chris Neil.
3:20 of 3rd period - Stopped by Jhonas Enroth with a rebound.
3:22 of 3rd period - Snap shot by Chris Neil.
3:22 of 3rd period - Deflect By Theo Peckham.
3:22 of 3rd period - Shot Blocked by Riley Cote.
3:22 of 3rd period - Puck is out of play.
3:23 of 3rd period - Riley Cote wins face-off versus Anton Lander in Monarchs zone.
4:50 of 3rd period - Matt Irwin is hit by Eric Tangradi and loses puck.
5:03 of 3rd period - Matt Irwin is hit by Jonathan Tremblay and loses puck.
5:05 of 3rd period - Penalty to Matt Tennyson is over, Matt Tennyson is back on ice.
5:32 of 3rd period - Slapshot by Jonathan Tremblay.
5:32 of 3rd period - Stopped by Jhonas Enroth with a rebound.
5:42 of 3rd period - Slapshot by Shawn Matthias.
5:42 of 3rd period - Shot Misses the Net.
5:44 of 3rd period - Slapshot by Tom Gilbert.
5:44 of 3rd period - Shot Misses the Net.
5:46 of 3rd period - Wrist shot by Zac Rinaldo.
5:46 of 3rd period - Goal by Zac Rinaldo - Mulligans : 3 - Monarchs : 4.
5:47 of 3rd period - Tyler Toffoli wins face-off versus Nick Bonino in neutral zone.
5:50 of 3rd period - Slapshot by Justin Faulk.
5:50 of 3rd period - Shot Blocked by Matt Niskanen.
6:35 of 3rd period - Slapshot by Johnny Gaudreau.
6:35 of 3rd period - Shot Misses the Net.
6:38 of 3rd period - Icing by Tim Schaller.
6:39 of 3rd period - Shawn Matthias wins face-off versus Logan Shaw in Mulligans zone.
6:42 of 3rd period - Snap shot by Kyle Clifford.
6:42 of 3rd period - Shot Misses the Net.
7:08 of 3rd period - Slapshot by Thomas Hickey.
7:08 of 3rd period - Stopped by Jhonas Enroth with a rebound.
7:10 of 3rd period - Slapshot by Tim Schaller.
7:10 of 3rd period - Deflect By Matt Irwin.
7:10 of 3rd period - Shot Misses the Net.
7:10 of 3rd period - Puck is out of play.
7:11 of 3rd period - Zac Rinaldo wins face-off versus Nick Bonino in Monarchs zone.
7:57 of 3rd period - Off-side.
7:58 of 3rd period - Anton Lander wins face-off versus Ryan White in neutral zone.
9:05 of 3rd period - Gord Baldwin is hit by Riley Cote and loses puck.
9:37 of 3rd period - Gord Baldwin is hit by Tyler McNeely and loses puck.
10:13 of 3rd period - Off-side.
10:14 of 3rd period - Tyler Toffoli wins face-off versus Logan Shaw in neutral zone.
10:16 of 3rd period - Off-side.
10:17 of 3rd period - Tyler Toffoli wins face-off versus Nick Bonino in neutral zone.
10:23 of 3rd period - Minor Penalty to Chris Neil for Holding.
10:24 of 3rd period - Shawn Matthias wins face-off versus Maxime Macenauer in Mulligans zone.
10:24 of 3rd period - Backhand shot by Johnny Gaudreau.
10:24 of 3rd period - Shot Misses the Net.
10:26 of 3rd period - Slapshot by Shawn Matthias.
10:26 of 3rd period - Shot Blocked by Cody Goloubef.
10:28 of 3rd period - Snap shot by Johnny Gaudreau.
10:28 of 3rd period - Shot Blocked by Matt Beleskey.
10:30 of 3rd period - Wrist shot by Mark Stone.
10:30 of 3rd period - Shot Misses the Net.
10:32 of 3rd period - Wrist shot by Matt Irwin.
10:32 of 3rd period - Stopped by Anders Lindback without a rebound.
10:33 of 3rd period - Mark Stone wins face-off versus Maxime Macenauer in Mulligans zone.
10:52 of 3rd period - Slapshot by Shawn Matthias.
10:52 of 3rd period - Stopped by Anders Lindback with a rebound.
10:56 of 3rd period - Wrist shot by Johnny Gaudreau.
10:56 of 3rd period - Stopped by Anders Lindback without a rebound.
10:57 of 3rd period - Maxime Macenauer wins face-off versus Tyler Toffoli in Mulligans zone.
10:59 of 3rd period - Minor Penalty to Matt Beleskey for Hooking.
11:00 of 3rd period - Shawn Matthias wins face-off versus Maxime Macenauer in Mulligans zone.
11:10 of 3rd period - Snap shot by Shawn Matthias.
11:10 of 3rd period - Shot Misses the Net.
11:12 of 3rd period - Slapshot by Alec Martinez.
11:12 of 3rd period - Shot Blocked by Maxime Macenauer.
11:14 of 3rd period - Snap shot by Johnny Gaudreau.
11:14 of 3rd period - Deflect By Shawn Matthias.
11:14 of 3rd period - Stopped by Anders Lindback with a rebound.
11:16 of 3rd period - Slapshot by Matt Irwin.
11:16 of 3rd period - Shot Misses the Net.
11:26 of 3rd period - Maxime Macenauer is hit by Tyler Toffoli and loses puck.
12:23 of 3rd period - Penalty to Chris Neil is over, Chris Neil is back on ice.
12:51 of 3rd period - Zac Rinaldo is hit by Maxime Macenauer.
12:59 of 3rd period - Penalty to Matt Beleskey is over, Matt Beleskey is back on ice.
13:11 of 3rd period - Slapshot by Cody Goloubef.
13:11 of 3rd period - Stopped by Jhonas Enroth without a rebound.
13:12 of 3rd period - Anton Lander wins face-off versus Ryan White in Monarchs zone.
14:01 of 3rd period - Johnny Gaudreau is hit by Thomas Hickey.
14:37 of 3rd period - Wrist shot by Tom Gilbert.
14:37 of 3rd period - Deflect By Anton Lander.
14:37 of 3rd period - Stopped by Anders Lindback with a rebound.
15:09 of 3rd period - Snap shot by Michael Del Zotto.
15:09 of 3rd period - Shot Misses the Net.
15:11 of 3rd period - Backhand shot by Tim Schaller.
15:11 of 3rd period - Goal by Tim Schaller - Mulligans : 4 - Monarchs : 4.
15:12 of 3rd period - Zac Rinaldo wins face-off versus Maxime Macenauer in neutral zone.
15:14 of 3rd period - Matt Irwin is hit by Michael Del Zotto and loses puck.
15:49 of 3rd period - Snap shot by Michael Del Zotto.
15:49 of 3rd period - Deflect By Logan Shaw.
15:49 of 3rd period - Stopped by Jhonas Enroth with a rebound.
16:13 of 3rd period - Slapshot by Thomas Hickey.
16:13 of 3rd period - Shot Misses the Net.
17:11 of 3rd period - Minor Penalty to Kyle Clifford for Hooking.
17:12 of 3rd period - Nick Bonino wins face-off versus Riley Cote in Monarchs zone.
17:19 of 3rd period - Slapshot by Michael Del Zotto.
17:19 of 3rd period - Goal by Michael Del Zotto - Mulligans : 5 - Monarchs : 4.
17:20 of 3rd period - Zac Rinaldo wins face-off versus Maxime Macenauer in neutral zone.
17:45 of 3rd period - Maxime Macenauer is hit by Johnny Gaudreau.
18:13 of 3rd period - Wrist shot by Matt Beleskey.
18:13 of 3rd period - Stopped by Jhonas Enroth with a rebound.
18:15 of 3rd period - Backhand shot by Matt Taormina.
18:15 of 3rd period - Deflect By Shawn Matthias.
18:15 of 3rd period - Stopped by Jhonas Enroth with a rebound.
18:17 of 3rd period - Snap shot by Sven Baertschi.
18:17 of 3rd period - Stopped by Jhonas Enroth with a rebound.
18:19 of 3rd period - Slapshot by Matt Taormina.
18:19 of 3rd period - Shot Blocked by Kyle Clifford.
18:21 of 3rd period - Slapshot by Matt Taormina.
18:21 of 3rd period - Stopped by Jhonas Enroth with a rebound.
18:23 of 3rd period - Slapshot by Michael Del Zotto.
18:23 of 3rd period - Stopped by Jhonas Enroth with a rebound.
18:41 of 3rd period - Slapshot by Shawn Matthias.
18:41 of 3rd period - Stopped by Anders Lindback with a rebound.
18:52 of 3rd period - Monarchs , Jhonas Enroth is pulled from the net.
18:56 of 3rd period - Wrist shot by Kyle Clifford.
18:56 of 3rd period - Stopped by Anders Lindback with a rebound.
18:58 of 3rd period - Wrist shot by Kyle Clifford.
18:58 of 3rd period - Deflect By Shawn Matthias.
18:58 of 3rd period - Stopped by Anders Lindback with a rebound.
19:00 of 3rd period - Slapshot by Justin Williams.
19:00 of 3rd period - Stopped by Anders Lindback with a rebound.
19:02 of 3rd period - Slapshot by Tom Gilbert.
19:02 of 3rd period - Stopped by Anders Lindback with a rebound.
19:04 of 3rd period - Slapshot by Kyle Clifford.
19:04 of 3rd period - Shot Blocked by Eric Tangradi.
19:06 of 3rd period - Slapshot by Kyle Clifford.
19:06 of 3rd period - Stopped by Anders Lindback without a rebound.
19:07 of 3rd period - Craig MacTavish call a timeout for Monarchs .
19:07 of 3rd period - Anton Lander wins face-off versus Shawn Matthias in Mulligans zone.
19:20 of 3rd period - Slapshot by Justin Williams.
19:20 of 3rd period - Deflect By Shawn Matthias.
19:20 of 3rd period - Shot Blocked by Jonathan Tremblay.
19:20 of 3rd period - Puck is out of play.
19:21 of 3rd period - Anton Lander wins face-off versus Shawn Matthias in Mulligans zone.
19:42 of 3rd period - Snap shot by Justin Williams.
19:42 of 3rd period - Shot Blocked by Anton Lander.
19:44 of 3rd period - Slapshot by Matt Irwin.
19:44 of 3rd period - Shot Misses the Net.
19:46 of 3rd period - Wrist shot by Justin Williams.
19:46 of 3rd period - Shot Blocked by Cody Goloubef.
19:48 of 3rd period - Snap shot by Kyle Clifford.
19:48 of 3rd period - Shot Misses the Net.
19:58 of 3rd period - Backhand shot by Matt Irwin.
19:58 of 3rd period - Shot Misses the Net.
Goals for this period are 4 for Mulligans vs 3 for Monarchs .
Shots for this period are 15 for Mulligans vs 16 for Monarchs .
Back to the Top